[Event "Titled Tuesday Blitz July 11 Late 2023"]
[White "Fernandez Siles, Luis"]
[Black "HamedWafa4"]
[WhiteFideId "2209420"]
[WhiteElo "2366"]
[BlackElo "2594"]
[Result "0-1"]
[Round "2"]
[TimeControl "180+2"]
[Date "2023.07.11"]
[WhiteClock "0:00:00"]
[BlackClock "0:00:24"]
[Board "128"]

1. e4 e5 2. Nf3 Nc6 3. Bb5 a6 4. Ba4 Nf6 5. O-O Be7 6. Re1 b5 7. Bb3 O-O 8. d4 Nxd4 9. Bxf7+ Rxf7 10. Nxe5 Rf8 11. Qxd4 Bb7 12. Nc3 c5 13. Qd3 d6 14. Nf3 b4 15. Nd5 Nxd5 16. exd5 Bf6 17. c3 bxc3 18. bxc3 c4 19. Qxc4 Rc8 20. Qb3 Bxc3 21. Bg5 Qd7 22. Re7 Qg4 23. Qxb7 Bxa1 24. h3 Qf5 25. Qxa6 Qg6 26. Re1 Bf6 27. Qxd6 Bxg5 28. Qxg6 hxg6 29. Nxg5 Rf5 30. d6 Rd8 31. Ne4 Ra5 32. Re2 Rda8 33. g4 Rxa2 34. Rxa2 Rxa2 35. d7 Ra1+ 36. Kg2 Rd1 37. Nc5 Kf7 38. Kf3 Ke7 39. Kf4 Rd5 40. Ne4 Kxd7 41. f3 Ke6 42. h4 Ra5 43. Ng5+ Ke7 44. Ne4 Kf7 45. Ng5+ Kg8 46. Ke4 Ra4+ 47. Ke5 Ra5+ 48. Kf4 Ra3 49. Ne6 Kf7 50. Ng5+ Ke7 51. Ne4 Ra5 52. Ng5 Kd6 53. Ne4+ Kc6 54. Ng3 Rd5 55. h5 g5+ 56. Ke4 Ra5 57. Nf5 Ra7 58. Ke5 Kd7 59. Nxg7 Ke7 60. Kf5 Kf7 61. h6 Ra5+ 62. Ke4 Kg6 0-1


[Site "https://www.chess.com"]

[Event "Titled Tuesday Blitz July 11 Late 2023"]
[White "Lizak, Peter"]
[Black "Harriott, Tyrell"]
[WhiteFideId "731595"]
[BlackFideId "2086484"]
[WhiteElo "2591"]
[BlackElo "2365"]
[Result "0-1"]
[Round "2"]
[TimeControl "180+2"]
[Date "2023.07.11"]
[WhiteClock "0:00:02"]
[BlackClock "0:00:35"]
[Board "129"]

1. d4 e6 2. Nf3 d5 3. Bf4 Bd6 4. e3 Ne7 5. Bd3 f5 6. Nbd2 Ng6 7. Bxd6 cxd6 8. h4 O-O 9. h5 Nh8 10. h6 g6 11. c4 dxc4 12. Nxc4 Nf7 13. Qb3 b6 14. O-O-O Bb7 15. Kb1 Bd5 16. Qa3 Nc6 17. Rc1 e5 18. dxe5 dxe5 19. Rhd1 e4 20. Be2 exf3 21. Bxf3 Bxf3 22. Rxd8 Be4+ 23. Rd3 Rfd8 24. Rd1 Rxd3 25. Rxd3 Rd8 26. Qc3 Nxh6 27. Nd6 Rxd6 28. Qc4+ Nf7 29. Ka1 Rxd3 30. b3 a5 31. f3 Rd1+ 32. Kb2 Rd2+ 33. Ka3 Bb1 34. Ka4 Na7 35. Qc3 Rxa2# 0-1


[Site "https://www.chess.com"]

[Event "Titled Tuesday Blitz July 11 Late 2023"]
[White "Geivondian, Arman"]
[Black "Dubreuil, Julien"]
[WhiteFideId "24102032"]
[BlackFideId "621285"]
[WhiteElo "2576"]
[BlackElo "2364"]
[Result "1-0"]
[Round "2"]
[TimeControl "180+2"]
[Date "2023.07.11"]
[WhiteClock "0:02:22"]
[BlackClock "0:00:17"]
[Board "130"]

1. e4 e5 2. Nf3 Nc6 3. Bb5 a6 4. Ba4 Nf6 5. O-O b5 6. Bb3 Nxe4 7. Re1 d5 8. d3 Nc5 9. Nxe5 Nxe5 10. Rxe5+ Be6 11. Nc3 Nxb3 12. axb3 Bd6 13. Re1 O-O 14. Qf3 Qf6 15. Qxf6 gxf6 16. Ne2 a5 17. Nf4 Bxf4 18. Bxf4 a4 19. b4 c6 20. Re3 Kh8 21. Rae1 a3 22. bxa3 Rxa3 23. h3 Ra2 24. c3 d4 25. cxd4 Rb2 26. Rg3 Rg8 27. Rxg8+ Kxg8 28. Re3 Kf8 29. g4 Ke8 30. Bd6 Kd7 31. Bc5 Rd2 32. Kh2 Rxf2+ 33. Kg3 Rd2 34. Rf3 h6 35. Rxf6 Rxd3+ 36. Kh4 h5 37. gxh5 Rxh3+ 38. Kg5 Rg3+ 39. Kh6 Rh3 40. Rf1 Bg4 41. Rxf7+ Ke6 42. Re7+ Kf6 43. Re5 Be6 44. Bb6 Rh1 45. Bd8+ Kf7 46. Bg5 Bg4 47. Bf4 Rd1 48. Rg5 Be6 49. Be5 Rh1 50. Rg7+ Kf8 51. Bd6+ Ke8 52. Re7+ Kd8 53. Rxe6 Kd7 54. Rg6 Rh4 55. Bc5 Rh3 56. Rf6 1-0


[Site "https://www.chess.com"]

[Event "Titled Tuesday Blitz July 11 Late 2023"]
[White "Domingo Nunez, Ruben"]
[Black "Todorovic, Bojan"]
[WhiteFideId "22245570"]
[BlackFideId "917087"]
[WhiteElo "2568"]
[BlackElo "2362"]
[Result "0-1"]
[Round "2"]
[TimeControl "180+2"]
[Date "2023.07.11"]
[WhiteClock "0:00:09"]
[BlackClock "0:00:43"]
[Board "131"]

1. c4 g6 2. Nc3 Bg7 3. g3 Nf6 4. Bg2 O-O 5. e4 d6 6. Nge2 c6 7. O-O a6 8. a4 a5 9. d4 e5 10. h3 Na6 11. Be3 Qc7 12. Qd2 Re8 13. d5 Nc5 14. Rad1 Bd7 15. dxc6 Bxc6 16. Nb5 Bxb5 17. cxb5 Nxa4 18. Qxd6 Qxd6 19. Rxd6 Nxb2 20. Bg5 Re6 21. Rxe6 fxe6 22. Rb1 Nc4 23. Nc3 a4 24. Bf1 Nb6 25. Be3 Nfd7 26. Rd1 Bf8 27. Bd3 Bc5 28. Bg5 Bd4 29. Na2 Nc5 30. Bb1 Rf8 31. Rd2 Nc4 32. Rc2 Na3 0-1


[Site "https://www.chess.com"]

[Event "Titled Tuesday Blitz July 11 Late 2023"]
[White "Guz, Ari"]
[Black "cedchass2006"]
[WhiteFideId "2825759"]
[WhiteElo "2562"]
[BlackElo "2361"]
[Result "1-0"]
[Round "2"]
[TimeControl "180+2"]
[Date "2023.07.11"]
[WhiteClock "0:01:11"]
[BlackClock "0:01:16"]
[Board "132"]

1. a3 e5 2. e4 Nf6 3. Nc3 Bc5 4. h3 d6 5. Nf3 Nc6 6. Bc4 O-O 7. b4 Bb6 8. d3 a5 9. b5 Ne7 10. Bg5 Ng6 11. Nd5 c6 12. Nxf6+ gxf6 13. Bh6 Re8 14. bxc6 bxc6 15. O-O d5 16. Bb3 Ba6 17. Qe2 Qd7 18. Rab1 Rab8 19. Nh2 f5 20. Qh5 dxe4 21. dxe4 Bxf1 22. exf5 Bd3 23. cxd3 Qxd3 24. Rb2 Bd4 25. Qg5 Bxb2 26. Qf6 e4 27. Bxf7# 1-0


[Site "https://www.chess.com"]

[Event "Titled Tuesday Blitz July 11 Late 2023"]
[White "Kirillov, Dmitry"]
[Black "Alahakoon, Isuru"]
[WhiteFideId "34180572"]
[BlackFideId "9900993"]
[WhiteElo "2562"]
[BlackElo "2360"]
[Result "1-0"]
[Round "2"]
[TimeControl "180+2"]
[Date "2023.07.11"]
[WhiteClock "0:01:40"]
[BlackClock "0:01:10"]
[Board "133"]

1. d4 d5 2. Nf3 Bf5 3. c4 e6 4. Nc3 Nc6 5. cxd5 exd5 6. a3 Nf6 7. Qb3 a6 8. Bg5 Na5 9. Qa4+ b5 10. Qxa5 Be7 11. e3 O-O 12. Be2 Qd6 13. Bf4 Qe6 14. Ng5 Qd7 15. Qxc7 h6 16. Qxd7 Nxd7 17. Nf3 Nb6 18. O-O Rfd8 19. Bc7 1-0


[Site "https://www.chess.com"]

[Event "Titled Tuesday Blitz July 11 Late 2023"]
[White "BenchGM"]
[Black "Boldoo, Erdenepurev"]
[BlackFideId "4901037"]
[WhiteElo "2352"]
[BlackElo "2562"]
[Result "0-1"]
[Round "2"]
[TimeControl "180+2"]
[Date "2023.07.11"]
[WhiteClock "0:00:03"]
[BlackClock "0:01:35"]
[Board "134"]

1. e4 e6 2. d4 d5 3. Nd2 c5 4. exd5 exd5 5. Bb5+ Nc6 6. Ngf3 Qe7+ 7. Kf1 Qc7 8. Qe2+ Be7 9. dxc5 Nf6 10. Nb3 O-O 11. Bxc6 bxc6 12. Ne5 a5 13. a4 Ba6 14. Nd3 Rfe8 15. Qf3 Ne4 16. Bf4 Qb7 17. Kg1 Bxd3 18. Qxd3 Nxc5 19. Nxc5 Bxc5 20. Qc3 Qb6 21. Bg3 Bd4 22. Qb3 Qxb3 23. cxb3 Re2 24. Rc1 Rxb2 25. h4 Rxb3 26. Rxc6 Rxg3 0-1


[Site "https://www.chess.com"]

[Event "Titled Tuesday Blitz July 11 Late 2023"]
[White "ArtemDyachuk"]
[Black "Spichkin, Alexander"]
[BlackFideId "4144074"]
[WhiteElo "2560"]
[BlackElo "2351"]
[Result "1-0"]
[Round "2"]
[TimeControl "180+2"]
[Date "2023.07.11"]
[WhiteClock "0:00:04"]
[BlackClock "0:00:00"]
[Board "135"]

1. e4 e5 2. Nf3 d5 3. Nxe5 Bd6 4. d4 dxe4 5. Nc4 Nf6 6. Bg5 Nc6 7. Be2 Nxd4 8. Nxd6+ Qxd6 9. c3 Nxe2 10. Qxd6 cxd6 11. Bxf6 Nc1 12. Bxg7 Rg8 13. Bh6 Nd3+ 14. Ke2 Rxg2 15. Nd2 Rxf2+ 16. Ke3 f5 17. Raf1 Rxf1 18. Rxf1 Nxb2 19. Kd4 Nd3 20. Nc4 Ke7 21. Ne3 Ke6 22. Nxf5 Ne5 23. Kxe4 Bd7 24. Nd4+ Ke7 25. Bg5+ Ke8 26. Bf4 Nc4 27. Re1 Kf7 28. Rf1 Kg6 29. Kd5 Rc8 30. Rg1+ Kf7 31. Bh6 Rc5+ 32. Ke4 d5+ 33. Kf4 Nd6 34. Rg7+ Ke8 35. Bg5 Bh3 36. Re7+ Kf8 37. Rxh7 Nf7 38. Rxh3 Ra5 39. Bf6 Rxa2 40. Kf5 a5 41. Ke6 Kg8 42. Rg3+ Kf8 43. Nf5 Re2+ 44. Kd7 Ne5+ 45. Bxe5 Rxe5 46. Nd4 a4 47. h4 a3 48. Rg1 Re3 49. Nb5 a2 50. Ra1 Re2 51. Kd6 Rb2 52. Nd4 b6 53. Kxd5 b5 54. Kc5 Rh2 55. Kxb5 Rxh4 56. Rxa2 Ke7 57. Kc4 Kd6 58. Ra6+ Kc7 59. Rc6+ Kb7 60. Rg6 Rg4 61. Rxg4 1-0


[Site "https://www.chess.com"]

[Event "Titled Tuesday Blitz July 11 Late 2023"]
[White "Diano, Eden"]
[Black "Pinheiro, Iung Alicio de O."]
[WhiteFideId "5203708"]
[BlackFideId "2104350"]
[WhiteElo "2350"]
[BlackElo "2559"]
[Result "0-1"]
[Round "2"]
[TimeControl "180+2"]
[Date "2023.07.11"]
[WhiteClock "0:02:02"]
[BlackClock "0:00:57"]
[Board "136"]

1. d4 Nf6 2. c4 Nc6 3. Nc3 e5 4. d5 Ne7 5. a3 Ng6 6. b4 a5 7. Rb1 axb4 8. axb4 d6 9. e4 Be7 10. f3 O-O 11. g3 c6 12. Be3 cxd5 13. exd5 Bf5 14. Bd3 Bxd3 15. Qxd3 Ra3 16. Nge2 e4 17. fxe4 Ne5 18. Qc2 Nxc4 19. Bd4 Ng4 20. Nb5 Nge3 21. Bxe3 Nxe3 22. Qc1 Rd3 23. Kf2 Bg5 24. Qc7 Qf6+ 25. Ke1 Ng2# 0-1


[Site "https://www.chess.com"]

[Event "Titled Tuesday Blitz July 11 Late 2023"]
[White "ATM622"]
[Black "Garmendiarov"]
[WhiteElo "2556"]
[BlackElo "2349"]
[Result "1/2-1/2"]
[Round "2"]
[TimeControl "180+2"]
[Date "2023.07.11"]
[WhiteClock "0:01:27"]
[BlackClock "0:00:12"]
[Board "137"]

1. d4 Nf6 2. c4 g6 3. g3 Bg7 4. Bg2 c6 5. Nf3 d5 6. O-O O-O 7. Nbd2 Bf5 8. b3 Ne4 9. Bb2 Nd7 10. Ne5 Nxe5 11. dxe5 Nxd2 12. Qxd2 dxc4 13. Qxd8 Rfxd8 14. bxc4 Rd2 15. e4 Be6 16. Bc3 Rd3 17. Rfc1 Rxc3 18. Rxc3 Bxe5 19. Rac1 Bxc3 20. Rxc3 Rd8 21. Bf3 Rd4 22. c5 Bxa2 23. Ra3 Bb1 24. Rxa7 Bxe4 25. Bxe4 Rxe4 26. Rxb7 Rc4 27. Rxe7 Rxc5 28. Kg2 Kg7 29. Kf3 Kf6 30. Rc7 Rc2 31. Ke3 c5 32. h4 h5 33. f3 Rc3+ 34. Kf4 Ke6 35. Rc6+ Kd7 36. Rf6 Ke7 37. Rc6 c4 38. Ke4 Kd7 39. Rc5 Ke6 40. Rc7 f6 41. Rc6+ Ke7 42. Kf4 Rc1 43. Ke3 c3 44. g4 c2 45. Kd2 Rf1 46. Kxc2 Rxf3 47. gxh5 gxh5 48. Rc4 Ke6 49. Kd2 Ke5 50. Ke2 Ra3 51. Rc5+ Kf4 52. Rxh5 Kg4 53. Rh8 f5 54. h5 f4 55. h6 Ra2+ 56. Kd3 Rh2 57. Ke4 Re2+ 58. Kd3 Rh2 59. Ke4 Re2+ 60. Kd3 Rh2 1/2-1/2


[Site "https://www.chess.com"]

[Event "Titled Tuesday Blitz July 11 Late 2023"]
[White "Kochiev, Ivan"]
[Black "Shapiro, Daniel"]
[WhiteFideId "2917890"]
[BlackFideId "2001780"]
[WhiteElo "2552"]
[BlackElo "2345"]
[Result "1-0"]
[Round "2"]
[TimeControl "180+2"]
[Date "2023.07.11"]
[WhiteClock "0:00:06"]
[BlackClock "0:00:00"]
[Board "138"]

1. e4 e5 2. Nf3 Nc6 3. Bc4 Be7 4. d4 d6 5. O-O Nf6 6. Nc3 exd4 7. Nxd4 Bd7 8. h3 O-O 9. Re1 Re8 10. Bf4 Bf8 11. Qd2 Na5 12. Bf1 a6 13. Rad1 c5 14. Nb3 Bc6 15. Nxa5 Qxa5 16. Bxd6 Nxe4 17. Nxe4 Qxd2 18. Rxd2 Rxe4 19. Rxe4 Bxe4 20. Bxf8 Kxf8 21. Rd7 Bc6 22. Rc7 Rd8 23. Bc4 Rd7 24. Rxd7 Bxd7 25. Bd5 b6 26. f4 Ke7 27. Kf2 Bf5 28. c3 f6 29. Ke3 Kd6 30. Bb7 a5 31. a3 Bc2 32. g4 g6 33. g5 fxg5 34. fxg5 Bf5 35. h4 Ke5 36. Ba6 Bg4 37. Bc4 Bd7 38. Bg8 Kf5 39. Kf3 Bc6+ 40. Kg3 Ke5 41. Bxh7 Be4 42. h5 gxh5 43. Bxe4 1-0


[Site "https://www.chess.com"]

[Event "Titled Tuesday Blitz July 11 Late 2023"]
[White "Cluke86"]
[Black "Bobkov, Vadim"]
[BlackFideId "34110876"]
[WhiteElo "2343"]
[BlackElo "2550"]
[Result "1-0"]
[Round "2"]
[TimeControl "180+2"]
[Date "2023.07.11"]
[WhiteClock "0:01:10"]
[BlackClock "0:00:00"]
[Board "139"]

1. e4 c5 2. Nc3 g6 3. f4 Nc6 4. Nf3 Bg7 5. a4 d6 6. Bb5 Bd7 7. d3 a6 8. Bxc6 Bxc6 9. a5 e6 10. O-O Ne7 11. Qe1 O-O 12. Qh4 d5 13. Bd2 dxe4 14. dxe4 Qc7 15. Be3 Bb5 16. Rfe1 Rfd8 17. e5 Nf5 18. Qf2 Nxe3 19. Qxe3 Rd7 20. Ne4 Rad8 21. c3 c4 22. Nd6 Bf8 23. Ne4 Rd3 24. Nf6+ Kg7 25. Qe2 Bc5+ 26. Kh1 Bc6 27. Ng5 h6 28. Nge4 Bxe4 29. Nxe4 Re3 30. Qxc4 1-0


[Site "https://www.chess.com"]

[Event "Titled Tuesday Blitz July 11 Late 2023"]
[White "Semenenko, Dmytry"]
[Black "Janaszak, Dawid"]
[WhiteFideId "14118645"]
[BlackFideId "1119206"]
[WhiteElo "2338"]
[BlackElo "2545"]
[Result "1-0"]
[Round "2"]
[TimeControl "180+2"]
[Date "2023.07.11"]
[WhiteClock "0:00:53"]
[BlackClock "0:00:16"]
[Board "140"]

1. Nf3 g6 2. c4 Bg7 3. d4 d6 4. Nc3 Nf6 5. e3 O-O 6. Be2 Nbd7 7. O-O e5 8. b3 e4 9. Nd2 Re8 10. Bb2 c6 11. Qc2 d5 12. Rae1 Nf8 13. f3 Bf5 14. fxe4 Nxe4 15. Ndxe4 dxe4 16. Kh1 h5 17. Bxh5 Qg5 18. Bd1 Nh7 19. Qf2 Nf6 20. h3 Be6 21. Qf4 Nh7 22. Nxe4 Qa5 23. a3 Rad8 24. Nc5 Re7 25. Nxe6 fxe6 26. Qg4 Nf8 27. b4 Qc7 28. Bc2 Rf7 29. Bxg6 Rxf1+ 30. Rxf1 Rd7 31. Qh5 Qg3 32. Bf7+ Rxf7 33. Qxf7+ Kh8 34. Qh5+ Kg8 35. Qf3 Qg6 36. Ba1 Nh7 37. d5 e5 38. dxc6 bxc6 39. Qf5 Qe8 40. Rd1 Nf6 41. Bxe5 Nh5 42. Bh2 Nf6 43. Rd6 Ne4 44. Qe6+ Kf8 45. Qxe8+ Kxe8 46. Re6+ 1-0


[Site "https://www.chess.com"]

[Event "Titled Tuesday Blitz July 11 Late 2023"]
[White "Svicevic, Rastko"]
[Black "Mortazavi, Ali"]
[WhiteFideId "916315"]
[BlackFideId "401323"]
[WhiteElo "2337"]
[BlackElo "2532"]
[Result "0-1"]
[Round "2"]
[TimeControl "180+2"]
[Date "2023.07.11"]
[WhiteClock "0:00:00"]
[BlackClock "0:00:17"]
[Board "141"]

1. d4 Nf6 2. Bg5 Ne4 3. Bf4 d5 4. e3 Bf5 5. Bd3 e6 6. Ne2 Be7 7. h3 O-O 8. O-O c5 9. Nd2 Nc6 10. Bxe4 Bxe4 11. Nxe4 dxe4 12. c3 f5 13. dxc5 e5 14. Qb3+ Kh8 15. Bh2 Qc7 16. Nd4 Na5 17. Qa4 Rf6 18. b4 Nc4 19. Qb5 Nb2 20. c6 f4 21. Qxb7 Qxb7 22. cxb7 Rb8 23. Ne2 Nd3 24. exf4 exf4 25. a3 Rxb7 26. c4 f3 27. Nc3 Rg6 28. g4 Bf6 29. Nxe4 Bxa1 30. Rxa1 h5 31. Rd1 Nb2 32. c5 hxg4 33. Nd6 Re7 34. Bg3 Na4 35. c6 Nc3 36. Rd4 Ne2+ 0-1


[Site "https://www.chess.com"]

[Event "Titled Tuesday Blitz July 11 Late 2023"]
[White "Principe, Gerson"]
[Black "Schuster, Karsten"]
[WhiteFideId "3804550"]
[BlackFideId "4611071"]
[WhiteElo "2529"]
[BlackElo "2335"]
[Result "1/2-1/2"]
[Round "2"]
[TimeControl "180+2"]
[Date "2023.07.11"]
[WhiteClock "0:00:20"]
[BlackClock "0:00:39"]
[Board "142"]

1. Nf3 d5 2. e3 Nf6 3. b3 c6 4. Bb2 Bg4 5. Be2 e6 6. O-O Bd6 7. d4 O-O 8. c4 a5 9. Nc3 Nbd7 10. h3 Bh5 11. a3 Qe7 12. c5 Bc7 13. b4 axb4 14. axb4 e5 15. Rxa8 Rxa8 16. Nxe5 Bxe2 17. Nxe2 Nxe5 18. dxe5 Bxe5 19. Bxe5 Qxe5 20. Nd4 Ne4 21. Qc2 g6 22. Rb1 f5 23. b5 Rc8 24. bxc6 bxc6 25. Rb6 Qf6 26. Qa2 Nxc5 27. Qxd5+ cxd5 28. Rxf6 Ne4 29. Rc6 Rxc6 30. Nxc6 Kf7 31. f3 Nc5 32. Kf2 Ke6 33. Nd4+ Ke5 34. g3 h5 35. h4 Kd6 36. Ke2 Nd7 37. Kf2 Nb6 38. Ne2 Nc4 39. Nf4 Ne5 40. Ke2 Kc5 41. Nd3+ Kd6 42. Nxe5 Kxe5 43. Kd3 Ke6 44. Kd4 Kd6 45. f4 Kc6 46. Ke5 Kc5 47. Kf6 Kc4 48. Kxg6 Kd3 49. Kxh5 Kxe3 50. Kg5 d4 51. h5 d3 52. h6 d2 53. h7 d1=Q 54. h8=Q Qg4+ 55. Kf6 Qxg3 56. Kxf5 Qxf4+ 57. Kg6 Qg4+ 58. Kf7 Qf5+ 59. Qf6 Qxf6+ 60. Kxf6 1/2-1/2


[Site "https://www.chess.com"]

[Event "Titled Tuesday Blitz July 11 Late 2023"]
[White "Leenhouts, Koen"]
[Black "kripri"]
[WhiteFideId "1008439"]
[WhiteElo "2528"]
[BlackElo "2332"]
[Result "1-0"]
[Round "2"]
[TimeControl "180+2"]
[Date "2023.07.11"]
[WhiteClock "0:00:52"]
[BlackClock "0:00:03"]
[Board "143"]

1. d4 d5 2. c4 e6 3. Nf3 Nf6 4. g3 Be7 5. Bg2 O-O 6. O-O dxc4 7. Qa4 a6 8. Qxc4 b5 9. Qc2 Bb7 10. Bd2 Nbd7 11. Ba5 Rc8 12. Nbd2 Qe8 13. b4 Nb8 14. Ne5 Bxg2 15. Kxg2 Bd6 16. Ndf3 Nd5 17. a3 f6 18. Nd3 Nc6 19. e4 Nb6 20. Bxb6 cxb6 21. Qe2 Qd7 22. Rad1 Rfd8 23. e5 Be7 24. Nf4 Re8 25. d5 exd5 26. e6 Qb7 27. Rxd5 Rcd8 28. Rfd1 g6 29. Rd7 Qa8 30. Qe4 Rxd7 31. exd7 Rd8 32. Qe6+ Kg7 33. Qd5 Kh8 34. Rc1 Ne5 35. Qxa8 Rxa8 36. Rc8+ Kg7 37. Rxa8 1-0


[Site "https://www.chess.com"]

[Event "Titled Tuesday Blitz July 11 Late 2023"]
[White "Elaisaz"]
[Black "Francisco Guecamburu, Candela Be"]
[BlackFideId "160911"]
[WhiteElo "2328"]
[BlackElo "2522"]
[Result "0-1"]
[Round "2"]
[TimeControl "180+2"]
[Date "2023.07.11"]
[WhiteClock "0:00:13"]
[BlackClock "0:00:38"]
[Board "144"]

1. Nf3 c5 2. g3 Nc6 3. Bg2 g6 4. O-O Bg7 5. d3 d6 6. c4 e6 7. Nc3 Nge7 8. Rb1 a5 9. e4 O-O 10. Be3 Nd4 11. Ne2 Nxf3+ 12. Bxf3 Nc6 13. d4 Qe7 14. Qd2 Qf6 15. Bg2 cxd4 16. Bg5 Qe5 17. a3 a4 18. Rbc1 Qc5 19. Rfd1 Na5 20. Nxd4 Bxd4 21. Qxd4 Qxg5 22. Qxd6 Nb3 23. Rc3 Ra6 24. Qb4 Qc5 25. Qb5 Qxb5 26. cxb5 Rb6 27. Bf1 e5 28. Rc4 Bg4 29. Rd3 Be6 30. Rxa4 Nc5 0-1


[Site "https://www.chess.com"]

[Event "Titled Tuesday Blitz July 11 Late 2023"]
[White "Mattheii"]
[Black "Vasques, Antonio Pedro Freixial"]
[BlackFideId "1908332"]
[WhiteElo "2517"]
[BlackElo "2322"]
[Result "1-0"]
[Round "2"]
[TimeControl "180+2"]
[Date "2023.07.11"]
[WhiteClock "0:01:49"]
[BlackClock "0:01:38"]
[Board "145"]

1. d4 Nf6 2. c4 e6 3. Nc3 Bb4 4. Qc2 O-O 5. e4 Bxc3+ 6. bxc3 d6 7. f4 c5 8. e5 dxe5 9. fxe5 Nfd7 10. Nf3 Nc6 11. Bd3 h6 12. Rb1 b6 13. O-O Bb7 14. Qe2 Rc8 15. Qe4 f5 16. exf6 Nxf6 17. Qxe6+ Kh8 18. Nh4 Ne7 19. Qxe7 1-0


[Site "https://www.chess.com"]

[Event "Titled Tuesday Blitz July 11 Late 2023"]
[White "Daianu, Cristian-Clement"]
[Black "Bagrationi, Alexander"]
[WhiteFideId "1208926"]
[BlackFideId "14104954"]
[WhiteElo "2319"]
[BlackElo "2517"]
[Result "0-1"]
[Round "2"]
[TimeControl "180+2"]
[Date "2023.07.11"]
[WhiteClock "0:00:09"]
[BlackClock "0:00:15"]
[Board "146"]

1. e4 e6 2. d4 d5 3. Nd2 h6 4. Ngf3 Nf6 5. e5 Nfd7 6. Bd3 c5 7. c3 Nc6 8. O-O g5 9. b4 cxb4 10. cxb4 Nxb4 11. Be2 g4 12. Ne1 h5 13. Nb3 Rg8 14. f3 g3 15. hxg3 Rxg3 16. Bf4 Rg8 17. Qd2 h4 18. Kh2 h3 19. g4 Qh4 20. Bg3 Qh7 21. f4 Nb6 22. a3 Nc4 23. Bxc4 dxc4 24. axb4 cxb3 25. g5 Bd7 26. Ra3 Bc6 27. Rxb3 Qe4 28. Nf3 O-O-O 29. b5 Bd5 30. Re3 Qf5 31. b6 axb6 32. Qb2 Rd7 33. Qxb6 Rc7 34. Rf2 Be7 35. Qa5 Kd7 36. Rc3 Rxc3 37. Qxc3 Rc8 38. Qb2 Ra8 39. Qb5+ Bc6 40. Qb2 Ra3 41. d5 Bxd5 42. Qb5+ Kd8 43. Qb6+ Ke8 44. Nd2 Qg4 45. Nf1 Qd1 46. Qb5+ Bc6 47. Qe2 Qd5 48. Kxh3 b5 49. Ne3 Qh1+ 50. Kg4 Qe4 51. Nf1 Bc5 52. Qxe4 Bxe4 53. Rb2 Bf5+ 54. Kh4 Bd3 55. Nd2 Bd4 56. Rb4 Bc3 57. Rb3 Rxb3 58. Nxb3 Bc4 59. Nc1 b4 60. Bf2 b3 61. Nxb3 Bxb3 62. Kh5 Bc2 63. Kh6 Bg6 64. Bc5 Kd7 65. Be3 Kc6 66. Bc1 Kd5 67. Kg7 Ke4 68. Kf6 Be1 69. Kg7 Kf5 70. Kf8 Bg3 0-1


[Site "https://www.chess.com"]

[Event "Titled Tuesday Blitz July 11 Late 2023"]
[White "Santos Flores, Alberto"]
[Black "The_Straightforward_Rook"]
[WhiteFideId "3601234"]
[WhiteElo "2517"]
[BlackElo "2318"]
[Result "1-0"]
[Round "2"]
[TimeControl "180+2"]
[Date "2023.07.11"]
[WhiteClock "0:00:51"]
[BlackClock "0:00:19"]
[Board "147"]

1. e4 e5 2. Nf3 Nc6 3. Bc4 Bc5 4. c3 Nf6 5. d3 a6 6. O-O Ba7 7. Nbd2 d6 8. Bb3 h6 9. Re1 g5 10. Nf1 g4 11. N3d2 h5 12. Nc4 h4 13. Be3 Bxe3 14. Ncxe3 Rg8 15. Nd2 g3 16. fxg3 hxg3 17. h3 Be6 18. Rf1 Qe7 19. Qf3 Nh7 20. Nd5 Bxd5 21. Bxd5 Ng5 22. Qf5 Ne6 23. Bxe6 fxe6 24. Qf6 Kd7 25. Qxe7+ Kxe7 26. Rf3 Rg7 27. Re1 d5 28. Nf1 d4 29. Rxg3 Rxg3 30. Nxg3 b5 31. Ne2 Rd8 32. Rd1 dxc3 33. bxc3 b4 34. cxb4 Nxb4 35. Nc1 c5 36. Kf2 c4 37. Ke3 Nc2+ 38. Kd2 Nb4 39. Kc3 Nxd3 40. Nxd3 cxd3 41. Rxd3 Rc8+ 42. Kd2 Rb8 43. Ke3 Rb2 44. Rd2 Rb1 45. Kf3 Rf1+ 46. Rf2 Rg1 47. g4 a5 48. h4 a4 49. Rg2 Rb1 50. g5 a3 51. h5 Rb2 52. h6 Kf7 53. g6+ Kg8 54. g7 Rxg2 55. Kxg2 Kh7 56. Kf3 Kg8 57. Ke3 Kh7 58. Kd3 Kg8 59. Kc3 Kh7 60. Kb3 1-0


[Site "https://www.chess.com"]

[Event "Titled Tuesday Blitz July 11 Late 2023"]
[White "Gerbelli Neto, Eduardo"]
[Black "Papayan, Oleg"]
[WhiteFideId "2103281"]
[BlackFideId "4193911"]
[WhiteElo "2314"]
[BlackElo "2516"]
[Result "1-0"]
[Round "2"]
[TimeControl "180+2"]
[Date "2023.07.11"]
[WhiteClock "0:01:16"]
[BlackClock "0:00:43"]
[Board "148"]

1. e4 c6 2. d4 d5 3. exd5 cxd5 4. c4 Nf6 5. Nc3 Nc6 6. Nf3 Bg4 7. cxd5 Nxd5 8. Qb3 Bxf3 9. gxf3 Nxd4 10. Qxd5 Nc2+ 11. Kd1 Nb4 12. Bb5+ Nc6 13. Bxc6+ bxc6 14. Qxd8+ Rxd8+ 15. Kc2 e6 16. Be3 a6 17. Rad1 Bb4 18. Rxd8+ Kxd8 19. Rd1+ Ke7 20. Ne4 h5 21. Bc5+ Bxc5 22. Nxc5 a5 23. Rd7+ Kf6 24. Ne4+ Kg6 25. Rc7 h4 26. Rxc6 Rh5 27. Rc5 e5 28. Rxa5 Rf5 29. Ra3 h3 30. Re3 Rf4 31. a4 f5 32. Nc3 e4 33. a5 exf3 34. a6 Rc4 35. a7 Rc8 36. Rxf3 Ra8 37. Nb5 Kf6 38. Rxh3 g5 39. Rh7 g4 40. Rb7 f4 41. Kd3 Kf5 42. Rb8 Rxa7 43. Nxa7 f3 44. Ke3 Kg5 45. Rg8+ Kh4 46. Rxg4+ Kh3 47. Kxf3 Kxh2 48. b4 Kh3 49. Rg7 Kh2 50. b5 Kh1 51. b6 Kh2 52. Ke2 Kh1 53. f4 Kh2 54. Kf3 Kh1 55. Kf2 Kh2 56. Rh7# 1-0


[Site "https://www.chess.com"]

[Event "Titled Tuesday Blitz July 11 Late 2023"]
[White "Da Matta, Eduardo Cesar"]
[Black "Gasparyan, David"]
[WhiteFideId "2193108"]
[BlackFideId "13311980"]
[WhiteElo "2307"]
[BlackElo "2515"]
[Result "0-1"]
[Round "2"]
[TimeControl "180+2"]
[Date "2023.07.11"]
[WhiteClock "0:00:24"]
[BlackClock "0:00:12"]
[Board "149"]

1. d4 Nf6 2. c4 e6 3. Nc3 d5 4. cxd5 exd5 5. Bg5 Be7 6. e3 O-O 7. Bd3 h6 8. Bh4 Nbd7 9. Qc2 c5 10. Nge2 Nb6 11. dxc5 Bxc5 12. O-O Be6 13. Rfd1 Rc8 14. Rac1 Bd6 15. Bg3 Bxg3 16. Nxg3 Nc4 17. b3 Ne5 18. Bf5 Qb6 19. Qd2 Rfd8 20. Nce2 Ne4 21. Bxe4 dxe4 22. Rxc8 Rxc8 23. Nxe4 Qc6 24. N4g3 Bh3 25. Qd5 Qf6 26. gxh3 Nf3+ 27. Kg2 Nh4+ 28. Kf1 Re8 29. Qd6 Qf3 30. Qf4 Qg2+ 31. Ke1 Nf3+ 0-1


[Site "https://www.chess.com"]

[Event "Titled Tuesday Blitz July 11 Late 2023"]
[White "Jovic, Stanoje"]
[Black "Bullen, Alex"]
[WhiteFideId "905020"]
[BlackFideId "1801627"]
[WhiteElo "2513"]
[BlackElo "2303"]
[Result "1-0"]
[Round "2"]
[TimeControl "180+2"]
[Date "2023.07.11"]
[WhiteClock "0:00:58"]
[BlackClock "0:00:15"]
[Board "150"]

1. c4 c6 2. e4 d5 3. exd5 cxd5 4. cxd5 Nf6 5. Qa4+ Nbd7 6. Nc3 g6 7. Bc4 Bg7 8. d3 O-O 9. Nf3 a6 10. Qa3 Nb6 11. Qb3 Nxc4 12. dxc4 b5 13. cxb5 Nxd5 14. Nxd5 Be6 15. O-O Bxd5 16. Qb4 axb5 17. Rd1 e6 18. Bg5 Qa5 19. Qh4 Qa4 20. Nd4 Bxa2 21. Bf6 Bxf6 22. Qxf6 Qc4 23. Rac1 Qa4 24. Nc6 h6 25. Rd4 Qb3 26. Ne7+ Kh7 27. Nxg6 Rfc8 28. Qxf7# 1-0


[Site "https://www.chess.com"]

[Event "Titled Tuesday Blitz July 11 Late 2023"]
[White "Manon-og, Ramon Jr."]
[Black "Chor, Kevin"]
[WhiteFideId "5200776"]
[BlackFideId "2090740"]
[WhiteElo "2303"]
[BlackElo "2511"]
[Result "0-1"]
[Round "2"]
[TimeControl "180+2"]
[Date "2023.07.11"]
[WhiteClock "0:00:34"]
[BlackClock "0:00:45"]
[Board "151"]

1. e4 c5 2. Nf3 Nc6 3. Bb5 Qb6 4. Nc3 e6 5. O-O Nge7 6. Re1 Ng6 7. Bxc6 bxc6 8. d4 cxd4 9. Nxd4 Be7 10. Rb1 O-O 11. Be3 Qc7 12. h3 d5 13. exd5 cxd5 14. Qd2 Bb7 15. Bg5 Bb4 16. Nxd5 Bxd2 17. Nxc7 Bxg5 18. Nxa8 Bxa8 19. Rbd1 Nf4 20. f3 Nd5 21. c4 Ne3 22. Rc1 Rd8 23. Nb5 Rd2 24. c5 Rxg2+ 25. Kh1 Bxf3 26. c6 Rxb2+ 27. Kg1 Rg2+ 28. Kh1 Rxa2+ 29. Kg1 Bf4 30. c7 Bh2# 0-1


[Site "https://www.chess.com"]